 Dungeon Crawl Stone Soup version 0.27-a0-249-g74f53ef629 (webtiles) character file.

Game seed: 11489350186793566966

736 siradein the Carver (level 7, 0/40 HPs)
             Began as a Vampire Fighter on Feb 3, 2021.
             Was an Initiate of Ashenzari.
             Slain by Crazy Yiuf
             ... wielding a +4 quarterstaff of chaos
              (17 damage)
             ... on level 2 of the Dungeon.
             The game lasted 00:20:30 (5938 turns).

siradein the Carver (Vampire Fighter)               Turns: 5938, Time: 00:20:31

Health: 0/40       AC: 14    Str: 15    XL:     7   Next: 46%
Magic:  7/7        EV:  4    Int: 11    God:    Ashenzari [......]
Gold:   203        SH:  5    Dex: 15    Spells: 6/6 levels left

rFire    . . .     SeeInvis +   l - +0 falchion
rCold    + + .     Faith    .   (no shield)
rNeg     + + +     Spirit   .   j - +0 plate armour
rPois    ∞         Reflect  +   q - +1 helmet
rElec    .         Harm     .   (no cloak)
rCorr    .         Rampage  .   (no gloves)
Will     .....                  m - +0 pair of boots
Stlth    ..........             n - amulet of reflection
HPRegen  0.00/turn              (no ring)
MPRegen  0.10/turn              (no ring)

@: bloodless
A: fangs 3, see invisible, unbreathing
a: Bat Form, Revivify, Renounce Religion, Curse Item


You were on level 2 of the Dungeon.
You worshipped Ashenzari.
Ashenzari was noncommittal.
You visited 1 branch of the dungeon, and saw 5 of its levels.

You collected 203 gold pieces.

Inventory:

Hand Weapons
 l - a +0 falchion (weapon)
Armour
 c - a +0 kite shield
 j - a +0 plate armour (worn)
 m - a +0 pair of boots (worn)
 q - a +1 helmet (worn)
Jewellery
 g - an uncursed ring of ice
 n - an amulet of reflection (around neck)
Wands
 k - a wand of random effects (26)
 r - a wand of acid (10)
 t - a wand of flame (20)
Scrolls
 a - a scroll of teleportation
 e - 3 scrolls of identify
 p - 2 scrolls of amnesia
Potions
 b - a potion of attraction {unknown}
 d - a potion of might
 f - 3 potions of degeneration {unknown}
 h - 3 potions of curing {unknown}
 i - 5 potions of mutation {unknown}
 o - 2 potions of brilliance {unknown}
 s - a potion of magic {unknown}


   Skills:
 - Level 2.6 Fighting
 + Level 8.6 Long Blades
 - Level 2.4 Armour
 - Level 2.6 Shields


You had 6 spell levels left.
You didn't know any spells.
Your spell library was empty.

Dungeon Overview and Level Annotations

Branches:
Dungeon (5/15)
 Temple: D:4-7

Altars:
Ashenzari
Cheibriados
Elyvilon
Gozag
Qazlal
Ru
Trog
Zin

Annotations:
D:2 Crazy Yiuf
D:5 Menkaure


Innate Abilities, Weirdness & Mutations

You do not regenerate when monsters are visible.
You are frail without blood (-20% HP).
You can heal yourself when you bite living creatures.
You are immune to poison.
You have razor-sharp teeth.
You have supernaturally acute eyesight. (SInv)
You can survive without breathing.


Message History

You block Crazy Yiuf's attack.
You hit Crazy Yiuf but do no damage.
Crazy Yiuf is severely wounded.
Crazy Yiuf hits you but does no damage.
You are electrocuted!!
You barely miss Crazy Yiuf.
Crazy Yiuf is severely wounded.
Crazy Yiuf barely misses you.
You hit Crazy Yiuf. You bite Crazy Yiuf, but do no damage.
Crazy Yiuf is almost dead.
Your plate armour prevents you from hitting Crazy Yiuf.
Crazy Yiuf is almost dead.
Crazy Yiuf grits, "Aardvark poople mobile!"
Crazy Yiuf hits you with a +4 quarterstaff of chaos.
You barely miss Crazy Yiuf.
Crazy Yiuf is almost dead.
Crazy Yiuf hits you with a +4 quarterstaff of chaos.
You hit Crazy Yiuf but do no damage.
Crazy Yiuf is almost dead.
Crazy Yiuf hits you but does no damage.
You are electrocuted!
You die...

# #........###.# #.# #..# #
#..####...##.# #.# #..#
####............# #.# #..#
.......########## ### ##.#
####.#.# #.# # #.#.##
#######.## # #.#..# ###
###.#......# ####.##.#
#...##..#.......# .....##.#
#...g@####......# #######.#
#)..### ##....## # #.# ###
###### # #.# ### #.#
..#####.############ ###
#.#.............>..# #.#
#.#.###............#####.###
#.#.# ######...............#


You could see Crazy Yiuf.

Vanquished Creatures
  Sigmund (D:2)
  Eustachio (D:4)
  Edmund (D:4)
  A phantom (D:4)
  A scorpion (D:4)
  A worker ant (D:4)
  Robin (D:3)
  5 adders
  2 oozes
  3 worms (D:2)
  A dart slug (D:3)
  3 leopard geckos
  6 orcs
  7 giant cockroaches
  16 goblins
  8 hobgoblins
  5 jackals
  9 kobolds
  4 quokkas
  4 ball pythons
  6 bats
  2 frilled lizards
  A quokka skeleton (D:4)
  9 rats
98 creatures vanquished.

Notes
Turn   | Place    | Note
-------+----------+-------------------------------------------
     0 | D:1      | siradein the Vampire Fighter began the quest for the Orb.
     0 | D:1      | Reached XP level 1. HP: 17/17 MP: 1/1
   286 | D:1      | Reached XP level 2. HP: 10/18 MP: 2/2
   446 | D:1      | Reached skill level 3 in Long Blades
   984 | D:1      | Reached XP level 3. HP: 21/22 MP: 3/3
  1396 | D:2      | Reached skill level 4 in Long Blades
  1648 | D:2      | Found an opulent altar of Gozag.
  1710 | D:2      | Reached XP level 4. HP: 27/27 MP: 4/4
  1934 | D:2      | Found a runed translucent door.
  1935 | D:2      | Noticed Crazy Yiuf
  2070 | D:2      | Found a stormy altar of Qazlal.
  2152 | D:2      | Noticed Sigmund
  2428 | D:3      | Found a snail-covered altar of Cheibriados.
  2546 | D:3      | Found a white marble altar of Elyvilon.
  2570 | D:3      | Found a glowing silver altar of Zin.
  2842 | D:3      | Found a broken altar of Ashenzari.
  2872 | D:3      | Reached skill level 5 in Long Blades
  2978 | D:3      | Became a worshipper of Ashenzari the Shackled
  3049 | D:3      | Found a bloodstained altar of Trog.
  3369 | D:4      | Reached XP level 5. HP: 30/31 MP: 5/5
  3395 | D:4      | Noticed Robin
  3467 | D:3      | Killed Robin
  3564 | D:4      | Reached skill level 6 in Long Blades
  3822 | D:4      | Noticed a phantom
  3851 | D:4      | Killed a phantom
  3852 | D:4      | Reached XP level 6. HP: 18/36 MP: 6/6
  4403 | D:4      | Noticed Eustachio
  4428 | D:4      | Killed Eustachio
  4429 | D:4      | Reached skill level 7 in Long Blades
  4437 | D:4      | Noticed Edmund
  4900 | D:4      | Killed Edmund
  4901 | D:4      | Reached skill level 8 in Long Blades
  4901 | D:4      | Reached XP level 7. HP: 29/40 MP: 7/7
  5232 | D:4      | Found a sacrificial altar of Ru.
  5426 | D:5      | Entered Level 5 of the Dungeon
  5428 | D:5      | Noticed Menkaure
  5636 | D:2      | Killed Sigmund
  5938 | D:2      | Slain by Crazy Yiuf

Illustrated notes

Levels and vault maps discovered:
D:1:      roderic_dead_forest, layout_basic
D:2:      layout_loops_ring, old_standard_altar, lemuel_round_altar,
          uniq_sigmund, uniq_crazy_yiuf_cottage
D:3:      layout_basic, kennysheep_slug_shrine, elyvilon_altar_5,
          lemuel_doored_altar, nicolae_overflow_crystal_walls,
          nicolae_ashenzari_panopticon, minmay_pentomino_pile
D:4:      layout_layer_cave, kennysheep_mini, uniq_edmund, uniq_eustachio,
          uniq_robin
D:5:      layout_loops_ring, overflow_temple_1_default, uniq_menkaure

Skill      XL: |  1  2  3  4  5  6 |
---------------+-------------------+-----
Long Blades    | 3 4 5 6 8 |  8.6
Fighting       | |  2.6
Armour         | |  2.4
Shields        | |  2.6

Action                   |  1- 3 |  4- 6 |  7- 9 || total
-------------------------+-------+-------+-------++-------
Melee: Long sword        |    94 |   137 |       ||   231
       Bite              |    13 |    35 |     8 ||    56
       Falchion          |       |   154 |    36 ||   190
 Abil: Exsanguinate      |     1 |       |       ||     1
  Use: Scroll            |       |     6 |       ||     6
 Stab: Sleeping          |     5 |       |       ||     5
Armor: Scale mail        |    31 |       |       ||    31
       Chain mail        |     4 |    51 |       ||    55
       Plate armour      |       |   144 |    14 ||   158
Dodge: Dodged            |    25 |    67 |     6 ||    98
Block: Kite shield       |    33 |       |       ||    33
       Other             |       |    64 |     5 ||    69
       Reflection        |       |     1 |       ||     1
       Rpst.: Long sword |    10 |    16 |       ||    26
       Falchion          |       |     6 |       ||     6

Table legend: (Time is in decaauts)
 A = Elapsed time spent in this place.
 B = Non-inter-level travel time spent in this place.
 C = Inter-level travel time spent in this place.
 D = Time resting spent in this place.
 E = Time spent auto-exploring this place.
 F = Levels seen in this place.
 G = Mean time per level.
                   A        B        C        D        E       F      G
               +--------+--------+--------+--------+--------+-----+--------+
         Total |   5997 |   5878 |    119 |    381 |   4188 |   5 | 1199.4 |
       Dungeon |   5997 |   5878 |    119 |    381 |   4188 |   5 | 1199.4 |
               +--------+--------+--------+--------+--------+-----+--------+

Top non-repeatable levels by time:
     D:4: 1900 daAuts
     D:1: 1512 daAuts
     D:2: 1378 daAuts
     D:3: 1199 daAuts
     D:5: 5 daAuts
